PAA
PHOENIX HOTSPUR YOUTH @ SACRAMENTO WHITECAPS
07/12/2021
 
TOP OF THE 1ST
Phoenix Hotspur Youth batting - Pitching for Sacramento Whitecaps : RHP César Hernández
Pitching: RHP César Hernández
Batting: LHB Arthur Ryan 0-0: Ball
1-0: Ball
2-0: Ball
3-0: Called Strike
3-1: Fly out, F7 (Flyball, 78M)
Batting: RHB Fernando Rivera 0-0: SINGLE (Line Drive, 6M)
Batting: RHB Júlio Mateo 0-0: Ball
1-0: DOUBLE (Line Drive, 89D)
Fernando Rivera to third
Batting: RHB Ángel Rivera 0-0: Foul Ball, location: 2F
0-1: Fly out, F8 (Flyball, 8LM)
Runner from 3rd tags up, SCORES, no throw
Batting: SHB Jesús González 0-0: Foul Ball, location: 2F
0-1: Foul Ball, location: 2F
0-2: Foul Ball, location: 2F
0-2: Ball
1-2: Fly out, F8 (Line Drive, 8RM)
Top of the 1st over - 1 run(s), 2 hit(s), 0 error(s), 1 left on base; Phoenix Hotspur 1 - Sacramento 0
BOTTOM OF THE 1ST
Sacramento Whitecaps batting - Pitching for Phoenix Hotspur Youth : RHP Donald Gregory
Pitching: RHP Donald Gregory
Batting: RHB José Casarreal 0-0: Ball
1-0: Ground out 4-3 (Groundball, 4M)
Batting: RHB Henry Potts 0-0: Called Strike
0-1: Ball
1-1: Fly out, F9 (Flyball, 9LM)
Batting: RHB Mariano Ramírez 0-0: Called Strike
0-1: Called Strike
0-2: Ball
1-2: Foul Ball, location: 2F
1-2: SINGLE (Line Drive, 6D)
Batting: LHB Mario Cruz 0-0: Called Strike
0-1: Foul Ball, location: 2F
0-2: Ball
1-2: SINGLE (Groundball, 34S)
Mariano Ramírez to second
Runner from 2nd tries for 3rd, SAFE, throw made to third
Batting: LHB Robert Bond 0-0: Foul Ball, location: 2F
0-1: Ball
1-1: Ball
2-1: Hit by Pitch
Mario Cruz to second
Batting: RHB Bill McCarty 0-0: Fielders Choice at 2nd, U4 (Groundball, 4M)
Bottom of the 1st over - 0 run(s), 2 hit(s), 0 error(s), 3 left on base; Phoenix Hotspur 1 - Sacramento 0
TOP OF THE 2ND
Phoenix Hotspur Youth batting - Pitching for Sacramento Whitecaps : RHP César Hernández
Batting: RHB Rick Moore 0-0: Foul Ball, location: 2F
0-1: Called Strike
0-2: Ball
1-2: Ball
2-2: Ball
3-2: Foul Ball, location: 2F
3-2: SINGLE (Line Drive, 9S)
Batting: RHB Satoshi Terada 0-0: Ball
1-0: Called Strike
1-1: Ball
2-1: Foul Ball, location: 2F
2-2: Ball
3-2: Foul Ball, location: 2F
3-2: Strikes out looking
Batting: RHB John Boatner 0-0: Fielders Choice at 2nd, 1-6 (Groundball, 23)
Batting: RHB Dan Perkins 0-0: Called Strike
0-1: Fly out, F9 (Flyball, 9LM)
Top of the 2nd over - 0 run(s), 1 hit(s), 0 error(s), 1 left on base; Phoenix Hotspur 1 - Sacramento 0
BOTTOM OF THE 2ND
Sacramento Whitecaps batting - Pitching for Phoenix Hotspur Youth : RHP Donald Gregory
Batting: RHB Jackson Shewman 0-0: Fly out, F9 (Flyball, 9M)
Batting: SHB Valentín Guzmán 0-0: Ball
1-0: Ball
2-0: Foul Ball, location: 2F
2-1: Swinging Strike
2-2: SINGLE (Groundball, 4MD)
Batting: RHB Mike Taylor 0-0: Ball
Valentín Guzmán is caught stealing 2nd base
1-0: Ground out 4-3 (Groundball, 13)
Bottom of the 2nd over - 0 run(s), 1 hit(s), 0 error(s), 0 left on base; Phoenix Hotspur 1 - Sacramento 0
TOP OF THE 3RD
Phoenix Hotspur Youth batting - Pitching for Sacramento Whitecaps : RHP César Hernández
Batting: LHB Arthur Ryan 0-0: Called Strike
0-1: Ball
1-1: Fly out, F6 (Popup, 6)
Batting: RHB Fernando Rivera 0-0: Called Strike
0-1: Ball
1-1: Ball
2-1: Fly out, F7 (Flyball, 7M)
Batting: RHB Júlio Mateo 0-0: Ball
1-0: Foul Ball, location: 2F
1-1: Foul Ball, location: 2F
1-2: Ball
2-2: SINGLE (Line Drive, 4MD)
Batting: RHB Ángel Rivera 0-0: Foul Ball, location: 2F
0-1: Fly out, F9 (Flyball, 9M)
Top of the 3rd over - 0 run(s), 1 hit(s), 0 error(s), 1 left on base; Phoenix Hotspur 1 - Sacramento 0
BOTTOM OF THE 3RD
Sacramento Whitecaps batting - Pitching for Phoenix Hotspur Youth : RHP Donald Gregory
Batting: RHB José Casarreal 0-0: Ball
1-0: Called Strike
1-1: Ball
2-1: Foul Ball, location: 2F
2-2: Ground out 5-3 (Groundball, 5S)
Batting: RHB Henry Potts 0-0: Ground out 5-3 (Groundball, 56)
Batting: RHB Mariano Ramírez 0-0: Ball
1-0: Ground out 6-3 (Groundball, 6)
Bottom of the 3rd over - 0 run(s), 0 hit(s), 0 error(s), 0 left on base; Phoenix Hotspur 1 - Sacramento 0
TOP OF THE 4TH
Phoenix Hotspur Youth batting - Pitching for Sacramento Whitecaps : RHP César Hernández
Batting: SHB Jesús González 0-0: SOLO HOME RUN (Flyball, 9LD), Distance : 364 ft
Batting: RHB Rick Moore 0-0: Ball
1-0: Ball
2-0: Foul Ball, location: 2F
2-1: Foul Ball, location: 2F
2-2: Ball
3-2: SINGLE (Flyball, 9LM)
Batting: RHB Satoshi Terada 0-0: Ball
1-0: Ball
2-0: Foul Ball, location: 2F
2-1: Called Strike
2-2: Ball
3-2: SINGLE (Groundball, 56D)
Rick Moore to second
Batting: RHB John Boatner 0-0: Called Strike
0-1: Ball
1-1: Foul Ball, location: 2F
1-2: SINGLE (Line Drive, 56D)
Rick Moore to third
Satoshi Terada to second
Batting: RHB Dan Perkins 0-0: Ball
1-0: Ball
2-0: Ball
3-0: Base on Balls
Rick Moore scores
Satoshi Terada to third
John Boatner to second
Batting: LHB Arthur Ryan 0-0: Ball
1-0: Ball
2-0: Ball
3-0: Base on Balls
Satoshi Terada scores
John Boatner to third
Dan Perkins to second
Batting: RHB Fernando Rivera 0-0: Called Strike
0-1: Ball
1-1: Grounds into fielders choice 1-2 (Groundball, 23)
Dan Perkins to third
Arthur Ryan to second
Batting: RHB Júlio Mateo 0-0: Ball
1-0: Ball
2-0: Ball
3-0: Base on Balls
Dan Perkins scores
Arthur Ryan to third
Fernando Rivera to second
Batting: RHB Ángel Rivera 0-0: Ball
1-0: Fly out, F7 (Flyball, 78D)
Runner from 3rd tags up, SCORES, no throw
Pitching: RHP Bill Amey
Batting: SHB Jesús González 0-0: Ball
1-0: Ball
2-0: Swinging Strike
2-1: Fly out, F7 (Flyball, 78S)
Top of the 4th over - 5 run(s), 4 hit(s), 0 error(s), 2 left on base; Phoenix Hotspur 6 - Sacramento 0
BOTTOM OF THE 4TH
Sacramento Whitecaps batting - Pitching for Phoenix Hotspur Youth : RHP Donald Gregory
Batting: LHB Mario Cruz 0-0: Called Strike
0-1: Swinging Strike
0-2: Strikes out looking
Batting: LHB Robert Bond 0-0: Fly out, F9 (Line Drive, 89S)
Batting: RHB Bill McCarty 0-0: Called Strike
0-1: Foul Ball, location: 2F
0-2: Strikes out swinging
Bottom of the 4th over - 0 run(s), 0 hit(s), 0 error(s), 0 left on base; Phoenix Hotspur 6 - Sacramento 0
TOP OF THE 5TH
Phoenix Hotspur Youth batting - Pitching for Sacramento Whitecaps : RHP Bill Amey
Batting: RHB Rick Moore 0-0: Ball
1-0: Foul Ball, location: 2F
1-1: Ball
2-1: Foul Ball, location: 2F
2-2: SINGLE (Line Drive, 9LS)
Batting: RHB Satoshi Terada 0-0: Bunted foul
0-1: Bunted foul
0-2: Ball
1-2: Ball
2-2: Foul Ball, location: 2F
2-2: Ball
3-2: Foul Ball, location: 2F
Error on foul ball, E2
3-2: DOUBLE (Line Drive, 7LS)
Rick Moore to third
Batting: RHB John Boatner 0-0: Ball
1-0: Ball
2-0: Called Strike
2-1: Swinging Strike
2-2: Foul Ball, location: 2F
2-2: Strikes out swinging
Batting: RHB Dan Perkins 0-0: SINGLE (Groundball, 6)
Rick Moore scores
Satoshi Terada to third
Batting: LHB Arthur Ryan 0-0: Ball
1-0: Ball
2-0: Ball
3-0: Called Strike
3-1: Swinging Strike
3-2: Foul Ball, location: 2F
3-2: Fly out, F7 (Flyball, 78M)
Runner from 3rd tags up, SCORES, throw made
Batting: RHB Fernando Rivera 0-0: Ball
1-0: Called Strike
Dan Perkins is caught stealing 2nd base
Top of the 5th over - 2 run(s), 3 hit(s), 1 error(s), 0 left on base; Phoenix Hotspur 8 - Sacramento 0
BOTTOM OF THE 5TH
Sacramento Whitecaps batting - Pitching for Phoenix Hotspur Youth : RHP Donald Gregory
Batting: RHB Jackson Shewman 0-0: Ball
1-0: Foul Ball, location: 2F
1-1: Foul Ball, location: 2F
1-2: Ground out 5-3 (Groundball, 56)
Batting: SHB Valentín Guzmán 0-0: Ball
1-0: Ball
2-0: Ball
3-0: Called Strike
3-1: Base on Balls
Batting: RHB Mike Taylor 0-0: Ball
1-0: Ball
2-0: Ball
3-0: Foul Ball, location: 2F
3-1: SINGLE (Line Drive, 34)
Valentín Guzmán to second
Batting: RHB José Casarreal 0-0: Ball
1-0: Fly out, F7 (Line Drive, 7S)
Batting: RHB Henry Potts 0-0: Ball
1-0: Ball
2-0: Ball
3-0: Base on Balls
Valentín Guzmán to third
Mike Taylor to second
Batting: RHB Mariano Ramírez 0-0: Ball
1-0: Ball
2-0: Foul Ball, location: 2F
2-1: Swinging Strike
2-2: Strikes out swinging
Bottom of the 5th over - 0 run(s), 1 hit(s), 0 error(s), 3 left on base; Phoenix Hotspur 8 - Sacramento 0
TOP OF THE 6TH
Phoenix Hotspur Youth batting - Pitching for Sacramento Whitecaps : RHP Bill Amey
Batting: RHB Fernando Rivera 0-0: Ground out 5-3 (Groundball, 5S)
Batting: RHB Júlio Mateo 0-0: Ball
1-0: Called Strike
1-1: Swinging Strike
1-2: Foul Ball, location: 2F
1-2: Ball
2-2: SINGLE (Line Drive, 3D)
Batting: RHB Ángel Rivera 0-0: Swinging Strike
0-1: Foul Ball, location: 2F
0-2: Ball
1-2: Foul Ball, location: 2F
1-2: Strikes out swinging
Batting: SHB Jesús González 0-0: Called Strike
0-1: Ball
1-1: SINGLE (Line Drive, 78S)
Júlio Mateo to second
Batting: RHB Rick Moore 0-0: Called Strike
0-1: Ball
1-1: Foul Ball, location: 2F
1-2: Foul Ball, location: 2F
1-2: Ball
2-2: Ball
3-2: Ground out 5-3 (Groundball, 56S)
Top of the 6th over - 0 run(s), 2 hit(s), 0 error(s), 2 left on base; Phoenix Hotspur 8 - Sacramento 0
BOTTOM OF THE 6TH
Sacramento Whitecaps batting - Pitching for Phoenix Hotspur Youth : RHP Donald Gregory
Batting: LHB Mario Cruz 0-0: Ball
1-0: Called Strike
1-1: Ball
2-1: Fly out, F7 (Flyball, 7M)
Batting: LHB Robert Bond 0-0: Ball
1-0: Swinging Strike
1-1: Called Strike
1-2: Ball
2-2: Strikes out looking
Batting: RHB Bill McCarty 0-0: Ball
1-0: Foul Ball, location: 2F
1-1: Ball
2-1: Foul Ball, location: 2F
2-2: Ball
3-2: Strikes out swinging
Bottom of the 6th over - 0 run(s), 0 hit(s), 0 error(s), 0 left on base; Phoenix Hotspur 8 - Sacramento 0
TOP OF THE 7TH
Phoenix Hotspur Youth batting - Pitching for Sacramento Whitecaps : RHP Bill Amey
Pitching: RHP Marcos Aguirre
Batting: RHB Satoshi Terada 0-0: Ball
1-0: Foul Ball, location: 2F
1-1: Ball
2-1: Foul Ball, location: 2F
2-2: Strikes out swinging
Batting: RHB John Boatner 0-0: Called Strike
0-1: Foul Ball, location: 2F
0-2: Ball
1-2: Ball
2-2: Foul Ball, location: 2F
2-2: Ball
3-2: Foul Ball, location: 2F
3-2: Base on Balls
Batting: RHB Dan Perkins 0-0: Fly out, F9 (Flyball, 9M)
Batting: LHB Arthur Ryan 0-0: Ball
1-0: Foul Ball, location: 2F
1-1: Called Strike
1-2: SINGLE (Groundball, 34D)
John Boatner to second
Runner from 2nd tries for 3rd, SAFE, throw made to third
Arthur Ryan to second
Batting: RHB Fernando Rivera 0-0: Called Strike
0-1: Ball
1-1: Ball
2-1: Fly out, F3 (Popup, 3DF)
Top of the 7th over - 0 run(s), 1 hit(s), 0 error(s), 2 left on base; Phoenix Hotspur 8 - Sacramento 0
BOTTOM OF THE 7TH
Sacramento Whitecaps batting - Pitching for Phoenix Hotspur Youth : RHP Donald Gregory
Pitching: LHP Tim Allen
Batting: RHB Jackson Shewman 0-0: Foul Ball, location: 2F
0-1: Ball
1-1: Ball
2-1: Called Strike
2-2: Reached on error, E5 (Groundball, 5)
Batting: SHB Valentín Guzmán 0-0: Foul Ball, location: 2F
0-1: Ball
1-1: Swinging Strike
1-2: Foul Ball, location: 2F
1-2: Foul Ball, location: 2F
1-2: Ball
2-2: Ball
3-2: Strikes out looking
Batting: RHB Mike Taylor 0-0: Called Strike
0-1: Swinging Strike
0-2: Ball
1-2: Ground out 5-3 (Groundball, 5S)
Jackson Shewman to second
Batting: RHB José Casarreal 0-0: Called Strike
0-1: Ball
1-1: Ball
2-1: Ball
3-1: Base on Balls
Batting: RHB Henry Potts 0-0: Ball
1-0: Ground out 3-1 (Groundball, 34)
Bottom of the 7th over - 0 run(s), 0 hit(s), 1 error(s), 2 left on base; Phoenix Hotspur 8 - Sacramento 0
TOP OF THE 8TH
Phoenix Hotspur Youth batting - Pitching for Sacramento Whitecaps : RHP Marcos Aguirre
Batting: RHB Júlio Mateo 0-0: Ball
1-0: Ball
2-0: Foul Ball, location: 2F
2-1: Ball
3-1: Foul Ball, location: 2F
3-2: Strikes out swinging
Batting: RHB Ángel Rivera 0-0: Fly out, F3 (Popup, 3D)
Batting: SHB Jesús González 0-0: Called Strike
0-1: Swinging Strike
0-2: Fly out, F6 (Line Drive, 56)
Top of the 8th over - 0 run(s), 0 hit(s), 0 error(s), 0 left on base; Phoenix Hotspur 8 - Sacramento 0
BOTTOM OF THE 8TH
Sacramento Whitecaps batting - Pitching for Phoenix Hotspur Youth : LHP Tim Allen
Now at C: Ed Sharp
Batting: RHB Mariano Ramírez 0-0: Ground out 5-3 (Groundball, 56S)
Batting: LHB Mario Cruz 0-0: Ball
1-0: SINGLE (Flyball, 7S)
Batting: LHB Robert Bond 0-0: Called Strike
0-1: Ball
1-1: Ball
2-1: 2-RUN HOME RUN (Flyball, 78XD), Distance : 407 ft
Batting: RHB Bill McCarty 0-0: Ball
1-0: Ball
2-0: Ball
3-0: Base on Balls
Batting: RHB Jackson Shewman 0-0: Called Strike
0-1: Ball
1-1: Called Strike
1-2: Ball
2-2: Foul Ball, location: 2F
2-2: Grounds into double play, 6-4-3 (Groundball, 6)
Bottom of the 8th over - 2 run(s), 2 hit(s), 0 error(s), 0 left on base; Phoenix Hotspur 8 - Sacramento 2
TOP OF THE 9TH
Phoenix Hotspur Youth batting - Pitching for Sacramento Whitecaps : RHP Marcos Aguirre
Batting: RHB Rick Moore 0-0: Called Strike
0-1: Foul Ball, location: 2F
0-2: Ball
1-2: Foul Ball, location: 2F
1-2: SINGLE (Groundball, 56)
Batting: RHB Satoshi Terada 0-0: Ball
1-0: Bunted foul
1-1: Sac Bunt - play at first, batter OUT! 1-4
Rick Moore to second
Batting: RHB John Boatner 0-0: Called Strike
0-1: Ball
1-1: Ball
Wild Pitch!
Rick Moore to third
2-1: Ball
3-1: Called Strike
3-2: Base on Balls
Batting: RHB Dan Perkins 0-0: Swinging Strike
0-1: Ball
Wild Pitch!
Rick Moore scores
John Boatner to second
1-1: 2-RUN HOME RUN (Flyball, 9D), Distance : 384 ft
Batting: LHB Arthur Ryan 0-0: Ball
1-0: Swinging Strike
1-1: Called Strike
1-2: Ball
2-2: Ground out 6-3 (Groundball, 6)
Batting: RHB Fernando Rivera 0-0: Swinging Strike
0-1: Ball
1-1: Called Strike
1-2: Fly out, F8 (Flyball, 8LS)
Top of the 9th over - 3 run(s), 2 hit(s), 0 error(s), 0 left on base; Phoenix Hotspur 11 - Sacramento 2
BOTTOM OF THE 9TH
Sacramento Whitecaps batting - Pitching for Phoenix Hotspur Youth : LHP Tim Allen
Now in LF: Javier González
Batting: SHB Valentín Guzmán 0-0: Foul Ball, location: 2F
0-1: Hit by Pitch
Batting: RHB Mike Taylor 0-0: Called Strike
0-1: Foul Ball, location: 2F
0-2: Ball
1-2: Ball
2-2: Foul Ball, location: 2F
2-2: Strikes out swinging
Batting: RHB José Casarreal 0-0: Ball
1-0: Ball
2-0: SINGLE (Line Drive, 6M)
Valentín Guzmán to second
Batting: RHB Henry Potts 0-0: Ball
1-0: Swinging Strike
1-1: Ground out 4-3 (Groundball, 4M)
Valentín Guzmán to third
José Casarreal to second
Batting: RHB Mariano Ramírez 0-0: Called Strike
0-1: Ball
1-1: Fly out, F8 (Flyball, 8LD)
Bottom of the 9th over - 0 run(s), 1 hit(s), 0 error(s), 2 left on base; Phoenix Hotspur 11 - Sacramento 2
This league is powered by Out of the Park Baseball, the baseball management simulation game for PC, Mac and Linux
Friday, January 22nd, 2016 - OOTP Baseball 16.9 Build 39